 Dungeon Crawl Stone Soup version 0.28-a0-983-g1de4e0787c (webtiles) character file.

Game seed: 8803120351657580892

130 Htamos the Ducker (level 4, -7/24 HPs)
             Began as a Spriggan Monk on Dec 3, 2021.
             Killed by divine providence
             ... invoked by an orc priest
              (16 damage)
             ... on level 4 of the Dungeon.
             The game lasted 00:09:36 (4072 turns).

Htamos the Ducker (Spriggan Monk)                   Turns: 4072, Time: 00:09:37

Health: -7/24      AC:  2    Str:  9    XL:     4   Next: 89%
Magic:  5/5        EV: 20    Int: 11    God:
Gold:   137        SH:  0    Dex: 19    Spells: 3/3 levels left

rFire   . . .      SeeInvis +     - Unarmed
rCold   . . .      Faith    .   (shield restricted)
rNeg    . . .      Spirit   .   a - +0 robe
rPois   .          Reflect  .   (helmet restricted)
rElec   .          Harm     .   (no cloak)
rCorr   .          Rampage  .   (gloves unavailable)
Will    .....                   (boots unavailable)
Stlth   +++.......              (no amulet)
HPRegen 0.08/turn               (no ring)
MPRegen 0.09/turn               (no ring)

@: very quick
A: very small, no large weapons, unfitting armour, see invisible, speed 3,
strong 1, wild magic 1, MP-powered wands
a: no special abilities


You were on level 4 of the Dungeon.
You visited 1 branch of the dungeon, and saw 4 of its levels.
You also visited: Sewer.

You collected 137 gold pieces.

Inventory:

Missiles
 b - 21 stones (quivered)
Armour
 a - a +0 robe (worn)
Potions
 c - a potion of heal wounds


   Skills:
 + Level 3.3 Fighting
 + Level 5.4 Dodging
 - Level 3.0 Stealth
 + Level 3.3 Unarmed Combat


You had 3 spell levels left.
You didn't know any spells.
Your spell library contained the following spells:

 Spells                   Type           Power      Damage    Failure   Level
 Blink                    Tloc           0%         N/A       56%         2
 Gell's Gravitas          Tloc           0%         N/A       78%         3
 Lesser Beckoning         Tloc           0%         N/A       78%         3
 Teleport Other           Tloc           0%         N/A       78%         3
 Manifold Assault         Tloc           0%         N/A       100%        5


Dungeon Overview and Level Annotations

Branches:
Dungeon (4/15)              Sewer (visited)
 Temple: D:4-7

Altars:


Innate Abilities, Weirdness & Mutations

You are very small and have problems with some larger weapons.
You are too small for most types of armour.
You have supernaturally acute eyesight. (SInv)
You cover ground extremely quickly. (Speed+++)
Your muscles are strong. (Str +2)
Your spells are a little harder to cast, but a little more powerful.
You expend magic power (3 MP) to strengthen your wands.


Message History

There is a stone staircase leading down here.
You start resting.
HP restored.
You climb downwards.
There is a stone staircase leading up here.
An orc wizard comes into view. It is wielding a +0 dagger.
The ball python hisses angrily.
The orc wizard shouts!
The orc priest shouts!
You hit the orc priest but do no damage.
The orc priest barely misses you.
You closely miss the orc priest. The orc priest hits you with a +0 mace.
The ball python barely misses you. The ball python closely misses you.
The orc priest completely misses you.
There is a stone staircase leading down here.
The orc priest closely misses you.
You climb downwards.
You hear the hiss of flowing sand.
There is an entrance to an ossuary on this level.
Hurry and find it before the portal is buried!
Found a stone staircase leading down.
There is a stone staircase leading up here.
The orc priest closely misses you.
You hit the orc priest but do no damage.
The orc priest hits you with a +0 mace!
You hit the orc priest.
The orc priest is moderately wounded.
The orc priest completely misses you.
You hit the orc priest.
The orc priest is severely wounded.
The orc priest misses you.
You hit the orc priest. Your punch misses the orc priest.
The orc priest is severely wounded.
You hit the orc priest.
The orc priest is severely wounded.
The orc priest hits you with a +0 mace.
* * * LOW HITPOINT WARNING * * *
You closely miss the orc priest.
The orc priest is severely wounded.
The orc priest invokes the aid of Beogh against you.
Beogh smites you!
Ouch! That really hurt!
You die...

S#### #########.#
.....#
#.@........
#...###o#######..
#......##
#...#<....# ##
#.....S...
#.....####
.....## .#.####
.##.#


You could see an orc priest.

Vanquished Creatures
  2 adders
  2 gnolls (D:1)
  3 river rats
  A dart slug (D:1)
  6 orcs
  3 endoplasms (D:1)
  6 goblins
  3 hobgoblins (D:1)
  2 jackals (D:1)
  2 kobolds (D:1)
  2 quokkas
  7 ball pythons
  4 bats
  10 frilled lizards
  6 rats
59 creatures vanquished.

Vanquished Creatures (collateral kills)
  2 frilled lizards (Sewer)
2 creatures vanquished.

Grand Total: 61 creatures vanquished

Notes
Turn   | Place    | Note
-------+----------+-------------------------------------------
     0 | D:1      | Htamos the Spriggan Monk began the quest for the Orb.
     0 | D:1      | Reached XP level 1. HP: 11/11 MP: 2/2
   610 | D:1      | Reached XP level 2. HP: 14/16 MP: 3/3
  1247 | D:1      | Found a faded altar of an unknown god.
  1473 | D:1      | Reached XP level 3. HP: 19/19 MP: 4/4
  2089 | D:3      | Found a glowing drain.
  2109 | Sewer    | Entered a sewer
  2365 | Sewer    | Reached skill level 5 in Dodging
  2365 | Sewer    | Reached XP level 4. HP: 20/24 MP: 5/5
  2428 | Sewer    | Gained mutation: You are dopey. (Int -2) [potion of
                  | mutation]
  2428 | Sewer    | Gained mutation: You are agile. (Dex +2) [potion of
                  | mutation]
  3753 | D:2      | Noticed an ogre
  3788 | D:2      | Lost mutation: You are agile. (Dex +2) [potion of mutation]
  3788 | D:2      | Lost mutation: You are dopey. (Int -2) [potion of mutation]
  3788 | D:2      | Gained mutation: Your muscles are strong. (Str +2) [potion
                  | of mutation]
  3788 | D:2      | Gained mutation: Your spells are a little harder to cast,
                  | but a little more powerful. [potion of mutation]
  3788 | D:2      | Gained mutation: You expend magic power (3 MP) to
                  | strengthen your wands. [potion of mutation]
  4072 | D:4      | Killed from afar by an orc priest

Illustrated notes

Levels and vault maps discovered:
D:1:      dpeg_arrival_houses_and_road, layout_basic,
          hellmonk_ecumenical_altar_crossroads
D:2:      layout_rooms
D:3:      cheibrodos_old_hovel, layout_basic, portal_sewer_entry_a,
          minmay_randomly_rotated_circles, uniq_sigmund
D:4:      layout_loops_ring, minmay_temple_entry_arrows, serial_shops,
          nicolae_shop_window_shopping, nicolae_stop_n_shop_2,
          nicolae_shop_hallway_plus, nicolae_ossuary_entry_ruins

Skill      XL: |  1  2  3 |
---------------+----------+-----
Fighting       | 3 |  3.3
Unarmed Combat | 3 |  3.3
Dodging        | 5 |  5.4
Stealth        | |  3.0

Action                   |  1- 3 |  4- 6 || total
-------------------------+-------+-------++-------
Melee: Unarmed           |   210 |   118 ||   328
       Punch             |     3 |     2 ||     5
Throw: Stone             |     6 |    27 ||    33
  Use: Potion            |     5 |     6 ||    11
       Scroll            |     2 |     4 ||     6
 Stab: Sleeping          |     6 |     1 ||     7
Armor: Robe              |    14 |     8 ||    22
       Skin              |     3 |       ||     3
Dodge: Dodged            |   176 |    87 ||   263

Table legend: (Time is in decaauts)
 A = Elapsed time spent in this place.
 B = Non-inter-level travel time spent in this place.
 C = Inter-level travel time spent in this place.
 D = Time resting spent in this place.
 E = Time spent auto-exploring this place.
 F = Levels seen in this place.
 G = Mean time per level.
                   A        B        C        D        E       F      G
               +--------+--------+--------+--------+--------+-----+--------+
         Total |   3434 |   3386 |     48 |   1373 |    972 |   5 |  686.8 |
       Dungeon |   2710 |   2662 |     48 |   1055 |    818 |   4 |  677.5 |
         Sewer |    723 |    723 |      0 |    318 |    154 |   1 |  723.0 |
               +--------+--------+--------+--------+--------+-----+--------+

Top non-repeatable levels by time:
     D:1: 1628 daAuts
     D:2: 957 daAuts
   Sewer: 723 daAuts
     D:3: 114 daAuts
     D:4: 9 daAuts
